 Dungeon Crawl Stone Soup version 0.29-a0-11-ga75d3d97ab (webtiles) character file.

Game seed: 7862854564939732191

28 oldriver the Insei (level 3, -1/24 HPs)
             Began as an Octopode Transmuter on Jan 29, 2022.
             Slain by a gnoll (5 damage)
             ... on level 1 of the Dungeon.
             The game lasted 00:01:06 (879 turns).

oldriver the Insei (Octopode Transmuter)             Turns: 879, Time: 00:01:07

Health: -1/24      AC:  1    Str:  9    XL:     3   Next: 12%
Magic:  5/6        EV: 13    Int: 17    God:
Gold:   36         SH:  0    Dex: 12    Spells: 3/6 levels left

rFire   . . .      SeeInvis .     - Unarmed
rCold   . . .      Faith    .   (no shield)
rNeg    . . .      Spirit   .   (helmet currently unavailable)
rPois   .          Reflect  .   (no amulet)
rElec   .          Harm     .   (no ring)
rCorr   .          Rampage  .   (no ring)
Will    .....                   (no ring)
Stlth   +++.......              (no ring)
HPRegen 0.08/turn               (no ring)
MPRegen 0.10/turn               (no ring)
                                (no ring)
                                (no ring)

@: appendages
A: tentacle spike 3, almost no armour, amphibious, 8 rings, camouflage 1,
gelatinous body 1, (nimble swimmer 1), tentacles
a: End Transformation


You were on level 1 of the Dungeon.
One of your tentacles had grown a beastly spike.
You visited 1 branch of the dungeon, and saw 1 of its levels.

You collected 36 gold pieces.

Inventory:

Jewellery
 a - a ring of fire
Scrolls
 d - a scroll of enchant weapon {unknown}
 e - a scroll of immolation {unknown}
Potions
 b - a potion of cancellation {unknown}
 c - a potion of ambrosia {unknown}
 f - a potion of brilliance {unknown}


   Skills:
 + Level 1.8 Fighting
 - Level 2.0 Dodging
 + Level 2.1 Stealth
 - Level 3.0 Unarmed Combat
 - Level 2.0 Spellcasting
 + Level 2.6 Transmutations


You had 3 spell levels left.
You knew the following spells:

 Your Spells              Type           Power      Damage    Failure   Level
a - Beastly Appendage     Tmut           20%        N/A       7%          1
b - Wereblood             Tmut           10%        N/A       10%         2

Your spell library contained the following spells:

 Spells                   Type           Power      Damage    Failure   Level
 Spider Form              Tmut/Pois      6%         N/A       34%         3
 Ice Form                 Ice/Tmut       6%         N/A       75%         4


Dungeon Overview and Level Annotations

Branches:
Dungeon (1/15)

Altars:


Innate Abilities, Weirdness & Mutations

One of your tentacles has grown a beastly spike.
You cannot wear most types of armour.
You are amphibious.
You can wear up to eight rings at the same time.
Your skin changes colour to match your surroundings (Stealth+).
Your rubbery body absorbs attacks. (AC +1, EV +1)
((You are camouflaged when in or above water. (Stealth+)))
You have tentacles for arms and can constrict up to eight enemies at once.


Message History

A gnoll comes into view. It is wielding a +0 whip.
A gnoll is nearby!
A gnoll is nearby!
A gnoll is nearby!
You extend your transformation's duration.
The gnoll shouts!
No target in view!
No target in view!
A hobgoblin comes into view.
You see here a sedimented silvery potion.
f - a sedimented silvery potion Your transformation is almost over.
You extend your transformation's duration.
The gnoll hits you with a +0 whip!
You tentacle-slap the gnoll. Your grab misses the gnoll.
You pierce the gnoll.
You squeeze the gnoll, but do no damage.
The gnoll is moderately wounded.
The gnoll hits you with a +0 whip!
* * * LOW HITPOINT WARNING * * *
Casting: Beastly Appendage (safe; 7% risk of failure)
Confirm with . or Enter, or press ? or * to list all spells.
Okay, then.
You barely miss the gnoll. Your grab misses the gnoll.
Your tentacle spike misses the gnoll.
The gnoll is moderately wounded.
The gnoll barely misses you.
You tentacle-slap the gnoll. You grab the gnoll.
You pierce the gnoll, but do no damage.
You tentacle-slap the gnoll.
The gnoll is heavily wounded.
You constrict the gnoll, but do no damage.
The gnoll closely misses you.
You tentacle-slap the gnoll but do no damage.
The gnoll is heavily wounded.
You constrict the gnoll, but do no damage.
The gnoll barely misses you.
You tentacle-slap the gnoll.
The gnoll is severely wounded.
You constrict the gnoll, but do no damage.
The gnoll hits you with a +0 whip.
You die...

#.# #..##.......
#.##..# #.#..###
#.#..# ...##...#
#.#.##.#######.#
###......# #.#
#)..##.### #..
#..###.# ##.
#..#.g ###
#@##.# ....
#g#.. ####
##.#.# ###..#.#
#......#
#......# #
#......# #
#......# ...
##..#### ##.


You could see a gnoll.

Vanquished Creatures
  2 dart slugs (D:1)
  3 ball pythons (D:1)
  An endoplasm (D:1)
  A giant cockroach (D:1)
  5 goblins (D:1)
  A hobgoblin (D:1)
  2 quokkas (D:1)
  2 bats (D:1)
  A frilled lizard (D:1)
  3 rats (D:1)
21 creatures vanquished.

Vanquished Creatures (others)
  2 fungi (D:1)
2 creatures vanquished.

Grand Total: 23 creatures vanquished

Notes
Turn   | Place    | Note
-------+----------+-------------------------------------------
     0 | D:1      | oldriver the Octopode Transmuter began the quest for the
                  | Orb.
     0 | D:1      | Reached XP level 1. HP: 13/13 MP: 3/3
   110 | D:1      | Reached skill level 1 in Stealth
   236 | D:1      | Reached XP level 2. HP: 14/18 MP: 3/5
   327 | D:1      | Learned a level 2 spell: Wereblood
   722 | D:1      | Found a faded altar of an unknown god.
   731 | D:1      | Reached XP level 3. HP: 24/24 MP: 4/6
   879 | D:1      | Slain by a gnoll

Illustrated notes

Levels and vault maps discovered:
D:1:      elethiomel_arrival_infinity_welcomes_careful_drivers, layout_rooms,
          dreamdust_ecumenical_altar_hidden_monk_grotto

Skill      XL: |  1  2 |
---------------+-------+-----
Stealth        | 1 2 |  2.1
Fighting       | |  1.8
Dodging        | |  2.0
Unarmed Combat | |  3.0
Spellcasting   | |  2.0
Transmutations | |  2.6

Action                   || total
-------------------------++-------
Melee: Unarmed           ||    43
       Kick              ||    14
       Constrict         ||    12
       Tentacles         ||    10
       Punch             ||     2
 Cast: Beastly Appendage ||    19
       Wereblood         ||     1
 Stab: Sleeping          ||     3
Armor: Skin              ||     2
Dodge: Dodged            ||    26

Table legend: (Time is in decaauts)
 A = Elapsed time spent in this place.
 B = Non-inter-level travel time spent in this place.
 C = Inter-level travel time spent in this place.
 D = Time resting spent in this place.
 E = Time spent auto-exploring this place.
 F = Levels seen in this place.
 G = Mean time per level.
                   A        B        C        D        E       F      G
               +--------+--------+--------+--------+--------+-----+--------+
         Total |    876 |    876 |      0 |      0 |    700 |   1 |  876.0 |
       Dungeon |    876 |    876 |      0 |      0 |    700 |   1 |  876.0 |
               +--------+--------+--------+--------+--------+-----+--------+

Top non-repeatable levels by time:
     D:1: 876 daAuts
